 Dungeon Sprint DCSS version 0.22-a0-362-g535178c5c5 (webtiles) character file.

105708 KillingSpree the Merry Centaur (level 15, -1/163 HPs)
             Began as a Centaur Berserker on Apr 21, 2018.
             Was the Champion of Trog.
             Killed from afar by a nagaraja (4 damage)
             ... with a bolt of poison
             ... in the Dungeon (Sprint IX: "|||||||||||||||||||||||||||||").
             The game lasted 00:13:29 (6810 turns).

KillingSpree the Merry Centaur (Centaur Berserker)  Turns: 6810, Time: 00:13:30

Health: -1/163     AC: 20    Str: 23    XL:     15   Next: 16%
Magic:  15/15      EV:  7    Int:  6    God:    Trog [******]
Gold:   1000       SH:  0    Dex: 27    Spells: 14/14 levels left

rFire    + + +     SeeInvis .   B - +7 longbow "Codacople" {flame, *Drain +Blink rPois rF+++}
rCold    + . .     Gourm    .   (shield currently unavailable)
rNeg     . . .     Faith    .   L - +0 gold dragon scales
rPois    +         Spirit   .   E - +2 hat
rElec    .         Reflect  .   D - scarf {cloud immunity}
rCorr    .         Harm     .   K - +0 pair of gloves {Str+3}
MR       +....     NoTele   +   (no barding)
Stlth    ..........             (no amulet)
HPRegen  0.37/turn              I - +6 ring of dexterity
MPRegen  0.14/turn              C - +6 ring of dexterity

@: lethally poisoned (-1 -> -28), slowed
A: large, hooves 3, deformed body, speed 2, tough skin 3
}: 2/15 runes: barnacled, gossamer
a: Berserk, Trog's Hand, Brothers in Arms, Renounce Religion, Evoke Blink


You were in the Dungeon.
You worshipped Trog.
Trog was exalted by your worship.
You were not hungry.

You visited 1 branch You collected 1900 gold pieces.
You spent 900 gold pieces at shops.

Inventory:

Hand Weapons
 y - the +10 shortbow of Seyhiawn {velocity, Str+2 Dex+3}
   (Trog gifted it to you in the Dungeon)

   Any arrow fired from it inflicts extra damage.
   It affects your strength (+2).
   It affects your dexterity (+3).
 z - a +3 fustibalus of flaming
 A - a +5 glaive of chopping
 B - the +7 longbow "Codacople" (weapon) {flame, *Drain +Blink rPois rF+++}
   (Trog gifted it to you in the Dungeon)

   It causes projectiles fired from it to burn those they strike, causing extra
   injury to most foes and up to half again as much damage against particularly
   susceptible opponents.
   It renders you almost immune to fire.
   It protects you from poison.
   It lets you blink.
   It causes draining when unequipped.
Missiles
 s - 320 arrows (quivered)
Armour
 D - a scarf of cloud immunity (worn)
 E - a +2 hat (worn)
 K - a +0 pair of gloves of strength (worn)
 L - +0 gold dragon scales (worn)
Jewellery
 b - an uncursed ring of fire
 n - an uncursed ring of poison resistance
 q - a +2 ring of evasion
 r - a +3 ring of strength
 C - a +6 ring of dexterity (right hand)
 G - an uncursed ring of ice
 H - a +4 ring of evasion
 I - a +6 ring of dexterity (left hand)
 J - a +6 ring of dexterity
Wands
 a - a wand of polymorph (13)
 l - a wand of iceblast (18)
Scrolls
 i - 3 scrolls of blinking
 k - 6 scrolls of remove curse
 p - 2 scrolls of fear
 u - a scroll of fog
 v - 5 scrolls of identify
 w - 5 scrolls of enchant armour
 x - 4 scrolls of enchant weapon
Potions
 d - 5 potions of curing
 e - 10 potions of heal wounds
 f - 2 potions of haste
 g - 4 potions of magic
 h - 3 potions of berserk rage
 j - a potion of invisibility
 m - 2 potions of might
 o - 4 potions of brilliance
 t - 3 potions of agility
Miscellaneous
 F - a lamp of fire
Comestibles
 c - 10 rations


   Skills:
 + Level 23.2 Fighting
 + Level 17.7 Polearms
 O Level 27 Bows
 + Level 15.0 Armour
 + Level 6.1 Dodging


You had 14 spell levels left.
You didn't know any spells.

Dungeon Overview and Level Annotations

Branches:
Dungeon (1/1)

Altars:
Cheibriados
Dithmenos
Elyvilon
Fedhas
Gozag
Hepliaklqana
Kikubaaqudgha
Makhleb
Nemelex Xobeh
Okawaru
Qazlal
Ru
Sif Muna
Trog
Uskayaw
Vehumet
Wu Jian
Xom
Yredelemnul
Zin
The Shining One
Beogh
Jiyva
Lugonu

Shops:
D ?[*}


Innate Abilities, Weirdness & Mutations

You have hooves in place of feet.
Armour fits poorly on your strangely shaped body.
You cover ground very quickly.
You have extremely tough skin. (AC +3)


Message History

* * * LOW HITPOINT WARNING * * *
You feel sick.
* * * LOW HITPOINT WARNING * * *
You feel sick.
Things that are here:
a trident; 3 throwing nets
* * * LOW HITPOINT WARNING * * *
You feel sick. The nagaraja spits poison at you. The splash of poison hits you!
You resist.
* * * LOW HITPOINT WARNING * * *
* * * LOW HITPOINT WARNING * * *
You feel sick.
* * * LOW HITPOINT WARNING * * *
You feel sick.
The nagaraja points at you and mumbles some strange words.
The bolt of poison hits you!
You are more poisoned.
You resist.
You die...

▓.▓.▓.▓.▓†▓.♣.♣.▓.
▓N▓.▓[▓.▓)▓.♣.♣.▓.
▓.▓.▓[▓.▓.▓.♣.♣.▓)
▓N▓.▓.▓.▓)▓.♣.♣.▓[
▓N▓.▓.▓.▓(▓.♣.♣.▓.
▓)▓.▓.▓.▓)▓.♣.♣.▓[
▓.▓.▓)▓.▓†▓.♣.♣.▓(
▓.▓.▓)▓.▓)▓.♣.♣.▓[
▓@▓.▓)▓.▓.▓.♣'♣.▓[
▓)▓.▓)▓.▓)▓.▓.▓.▓[
▓)▓.▓)▓.▓)▓.▓.▓.▓.
▓)▓.▓)▓.▓)▓.▓†▓.▓)
▓(▓.▓.▓.▓(▓.▓)▓.▓)
▓)▓.▓.▓.▓.▓.▓†▓.▓)
▓.▓.▓.▓.▓)▓.▓)▓.▓)
▓)▓.▓.▓.▓.▓(▓.▓.▓)
▓.▓.▓.▓.▓'▓.▓)▓.▓)


You could see a naga warrior and 2 nagarajas.

Vanquished Creatures
  A lich (D)
  Frances (D)
  Ilsuiw (D)
  Kirke (D)
  A nagaraja (D)
  A frost giant (D)
  6 emperor scorpions (D)
  A vault warden (D)
  A very ugly thing (D)
  2 stone giants (D)
  2 entropy weavers (D)
  2 merfolk javelineers (D)
  An ettin (D)
  4 yaktaur captains (D)
  5 merfolk impalers (D)
  An ogre mage (D)
  A rakshasa (D)
  A hydra (D)
  2 naga warriors (D)
  An ice dragon (D)
  3 merfolk aquamancers (D)
  An alligator snapping turtle (D)
  A merfolk avatar (D)
  2 centaur warriors (D)
  A deep troll shaman (D)
  3 vampire magi (D)
  6 orc high priests (D)
  A spriggan (D)
  A skeletal warrior (D)
  A sea snake (D)
  A glowing orange brain (D)
  2 unseen horrors (D)
  A spriggan druid (D)
  A wizard (D)
  A swamp dragon (D)
  11 orc knights (D)
  4 wolf spiders (D)
  An orb spider (D)
  A mana viper (D)
  4 ugly things (D)
  A cyclops (D)
  A manticore (D)
  4 moths of wrath (D)
  2 guardian serpents (D)
  2 naga magi (D)
  3 vault sentinels (D)
  3 black mambas (D)
  Psyche (D)
  A spiny frog (D)
  2 yaktaurs (D)
  A demonic crawler (D)
  2 jumping spiders (D)
  A tyrant leech (D)
  4 merfolk (D)
  A wind drake (D)
  A snapping turtle (D)
  2 hornets (D)
  3 blink frogs (D)
  3 slime creatures (D)
  A bog body (D)
  2 redbacks (D)
  A hog (D)
  Eustachio (D)
  A wyvern (D)
  Grum (D)
  A basilisk (D)
  A vampire mosquito (D)
  2 nagas (D)
  5 wargs (D)
  5 water moccasins (D)
  4 porcupines (D)
  A swamp drake (D)
  7 orc warriors (D)
  A necrophage (D)
  2 eyes of draining (shapeshifter) (D)
  2 ogres (D)
  2 centaurs (D)
  6 wolves (D)
  2 crocodiles (D)
  3 bullfrogs (D)
  A crimson imp (D)
  2 hounds (D)
  A jelly (D)
  3 orc wizards (D)
  An adder (D)
  3 leopard geckos (D)
  4 orcs (D)
  A bat skeleton (D)
  A bat zombie (D)
  A giant cockroach (D)
  2 bats (D)
  A jackal skeleton (D)
  A rat (D)
194 creatures vanquished.

Vanquished Creatures (collateral kills)
  Agnes (D)
  2 spriggan air magi (D)
  A merfolk aquamancer (D)
  A tengu warrior (D)
  An orc high priest (D)
  Sonja (D)
  2 orc knights (D)
  A demonic crawler (D)
  5 orc warriors (D)
  A black bear (shapeshifter) (D)
  2 orc priests (D)
  2 orc wizards (D)
  3 orcs (D)
23 creatures vanquished.

Vanquished Creatures (others)
  A human (D)
1 creature vanquished.

Grand Total: 218 creatures vanquished

Notes
Turn   | Place    | Note
-------+----------+-------------------------------------------
     0 | D        | KillingSpree the Centaur Berserker began the quest for the Orb.
     0 | D        | Reached XP level 1. HP: 19/19 MP: 1/1
     8 | D        | Reached ** piety under Trog
   158 | D        | Noticed a jelly
   158 | D        | Noticed an ogre
   158 | D        | Noticed a crimson imp
   166 | D        | Killed a crimson imp
   166 | D        | Reached XP level 2. HP: 26/26 MP: 2/2
   166 | D        | Reached XP level 3. HP: 31/31 MP: 3/3
   167 | D        | Reached *** piety under Trog
   174 | D        | Killed an ogre
   174 | D        | Reached XP level 4. HP: 38/38 MP: 4/4
   176 | D        | Reached skill level 10 in Polearms
   176 | D        | Reached XP level 5. HP: 45/45 MP: 5/5
   195 | D        | Found a roughly hewn altar of Beogh.
   195 | D        | Found a snail-covered altar of Cheibriados.
   195 | D        | Found a shadowy altar of Dithmenos.
   195 | D        | Found a white marble altar of Elyvilon.
   195 | D        | Found a blossoming altar of Fedhas.
   195 | D        | Found an opulent altar of Gozag.
   196 | D        | Found a hazy altar of Hepliaklqana.
   197 | D        | Found a viscous altar of Jiyva.
   198 | D        | Found an ancient bone altar of Kikubaaqudgha.
   199 | D        | Found a corrupted altar of Lugonu.
   200 | D        | Found a burning altar of Makhleb.
   201 | D        | Found a sparkling altar of Nemelex Xobeh.
   202 | D        | Found an iron altar of Okawaru.
   203 | D        | Found a stormy altar of Qazlal.
   204 | D        | Found a sacrificial altar of Ru.
   205 | D        | Found a deep blue altar of Sif Muna.
   206 | D        | Found a bloodstained altar of Trog.
   207 | D        | Found a hide-covered altar of Uskayaw.
   208 | D        | Found a radiant altar of Vehumet.
   209 | D        | Found an ornate altar of the Wu Jian Council.
   210 | D        | Found a shimmering altar of Xom.
   211 | D        | Found a basalt altar of Yredelemnul.
   212 | D        | Found a glowing silver altar of Zin.
   213 | D        | Found a glowing golden altar of the Shining One.
   263 | D        | Noticed a necrophage
   265 | D        | Reached **** piety under Trog
   276 | D        | Killed a necrophage
   276 | D        | Reached skill level 5 in Fighting
   276 | D        | Reached XP level 6. HP: 56/56 MP: 6/6
   279 | D        | Reached ***** piety under Trog
   321 | D        | Noticed a centaur warrior
   334 | D        | Reached XP level 7. HP: 44/66 MP: 7/7
   345 | D        | Killed a centaur warrior
   345 | D        | Received a gift from Trog
   345 | D        | Reached XP level 8. HP: 26/77 MP: 8/8
   503 | D        | Reached skill level 1 in Bows
   504 | D        | Reached skill level 2 in Bows
   506 | D        | Received a gift from Trog
   506 | D        | Reached skill level 3 in Bows
   511 | D        | Reached ****** piety under Trog
   512 | D        | Received a gift from Trog
   512 | D        | Reached skill level 4 in Bows
   525 | D        | Reached skill level 5 in Bows
   529 | D        | Reached XP level 9. HP: 52/85 MP: 9/9
   537 | D        | Got a twisted shortbow {god gift}
   538 | D        | Identified the +10 shortbow of Seyhiawn {velocity, Str+2 Dex+3} (Trog gifted it to you in the Dungeon)
   695 | D        | Noticed a spiny frog
   716 | D        | Reached skill level 10 in Fighting
   717 | D        | Reached skill level 6 in Bows
   720 | D        | Killed a spiny frog
   720 | D        | Reached skill level 5 in Armour
   721 | D        | Received a gift from Trog
   721 | D        | Reached skill level 7 in Bows
   741 | D        | Got an encrusted triple crossbow {god gift}
   806 | D        | Reached skill level 8 in Bows
   873 | D        | Received a gift from Trog
   873 | D        | Reached skill level 15 in Polearms
   880 | D        | Reached skill level 5 in Dodging
   891 | D        | Received a gift from Trog
   891 | D        | Reached skill level 9 in Bows
   891 | D        | Reached XP level 10. HP: 95/95 MP: 10/10
   966 | D        | Noticed Grum
   972 | D        | Killed Grum
  1005 | D        | Noticed Sonja
  1008 | D        | Killed Sonja
  1207 | D        | Noticed Eustachio
  1214 | D        | Killed Eustachio
  1256 | D        | Noticed Psyche
  1265 | D        | Killed Psyche
  1265 | D        | Received a gift from Trog
  1265 | D        | Reached skill level 10 in Bows
  1328 | D        | Received a gift from Trog
  1345 | D        | Received a gift from Trog
  1433 | D        | Noticed an orc knight
  1437 | D        | Received a gift from Trog
  1444 | D        | Killed an orc knight
  1447 | D        | Noticed an orc knight
  1458 | D        | Killed an orc knight
  1458 | D        | Received a gift from Trog
  1458 | D        | Reached skill level 11 in Bows
  1460 | D        | Received a gift from Trog
  1472 | D        | Noticed an orc knight
  1476 | D        | Killed an orc knight
  1477 | D        | Received a gift from Trog
  1494 | D        | Got a smoking longbow {god gift}
  1495 | D        | Identified the +7 longbow "Codacople" {flame, *Drain +Blink rPois rF+++} (Trog gifted it to you in the Dungeon)
  1608 | D        | Found Olai's Gadget Boutique.
  1608 | D        | Noticed an orc knight
  1608 | D        | Noticed an orc high priest
  1608 | D        | Noticed an orc knight
  1608 | D        | Noticed an orc high priest
  1608 | D        | Noticed an orc knight
  1616 | D        | Noticed a sun demon
  1625 | D        | Noticed a sun demon
  1646 | D        | Killed an orc knight
  1675 | D        | Killed an orc high priest
  1687 | D        | Killed an orc knight
  1687 | D        | Reached XP level 11. HP: 101/105 MP: 11/11
  1690 | D        | Killed an orc high priest
  1690 | D        | Reached skill level 12 in Bows
  1694 | D        | Killed an orc knight
  1861 | D        | Noticed an orc high priest
  1864 | D        | Killed an orc high priest
  1864 | D        | Received a gift from Trog
  1887 | D        | Noticed an orc high priest
  1894 | D        | Killed an orc high priest
  1894 | D        | Reached skill level 13 in Bows
  1906 | D        | Noticed an orc knight
  1925 | D        | Killed an orc knight
  1963 | D        | Found Suw Ciucy's General Store.
  1963 | D        | Noticed an orc high priest
  1964 | D        | Noticed a sixfirhy
  1971 | D        | Killed an orc high priest
  1971 | D        | Reached skill level 14 in Bows
  2085 | D        | Found Lezyximm's Armour Boutique.
  2089 | D        | Found Luzxaor's Magic Scroll Shop.
  2093 | D        | Noticed an orc knight
  2096 | D        | Noticed an orc high priest
  2098 | D        | Noticed an orc high priest
  2104 | D        | Noticed a soul eater
  2125 | D        | Killed an orc knight
  2125 | D        | Received a gift from Trog
  2149 | D        | Noticed an orc knight
  2152 | D        | Killed an orc high priest
  2155 | D        | Killed an orc high priest
  2155 | D        | Reached skill level 15 in Bows
  2160 | D        | Killed an orc knight
  2390 | D        | Bought a scroll of enchant armour for 90 gold pieces
  2392 | D        | Bought a scarf of cloud immunity for 98 gold pieces
  2394 | D        | Bought a +2 hat for 192 gold pieces
  2396 | D        | Bought a lamp of fire for 520 gold pieces
  2626 | D        | Killed an unseen horror
  2626 | D        | Reached skill level 16 in Bows
  2631 | D        | Received a gift from Trog
  2635 | D        | Noticed an orc knight
  2636 | D        | Noticed a vampire mage
  2637 | D        | Killed an orc knight
  2637 | D        | Received a gift from Trog
  2640 | D        | Killed a vampire mage
  2640 | D        | Reached skill level 17 in Bows
  2658 | D        | Reached XP level 12. HP: 69/116 MP: 7/12
  2745 | D        | Noticed an ettin
  2749 | D        | Killed an ettin
  2749 | D        | Reached skill level 18 in Bows
  2843 | D        | Noticed an ogre mage
  2844 | D        | Paralysed by an ogre mage for 4 turns
  2851 | D        | Killed an ogre mage
  2851 | D        | Received a gift from Trog
  2856 | D        | Received a gift from Trog
  2857 | D        | Received a gift from Trog
  3008 | D        | Noticed Agnes
  3018 | D        | Killed Agnes
  3018 | D        | Reached skill level 19 in Bows
  3372 | D        | Received a gift from Trog
  3372 | D        | Reached skill level 20 in Bows
  3374 | D        | Received a gift from Trog
  3379 | D        | Received a gift from Trog
  3521 | D        | Noticed a six-headed hydra
  3546 | D        | Killed a six-headed hydra
  3546 | D        | Reached skill level 21 in Bows
  3553 | D        | Received a gift from Trog
  3564 | D        | Received a gift from Trog
  3606 | D        | Reached skill level 22 in Bows
  3607 | D        | Reached skill level 15 in Fighting
  3620 | D        | Reached skill level 10 in Armour
  3623 | D        | Reached XP level 13. HP: 46/126 MP: 13/13
  3859 | D        | Noticed a merfolk javelineer
  3864 | D        | Killed a merfolk javelineer
  3864 | D        | Received a gift from Trog
  3874 | D        | Reached skill level 23 in Bows
  3888 | D        | Received a gift from Trog
  4046 | D        | Noticed Kirke
  4053 | D        | Killed Kirke
  4121 | D        | Noticed a frost giant
  4123 | D        | Reached skill level 24 in Bows
  4146 | D        | Killed a frost giant
  4146 | D        | Received a gift from Trog
  4187 | D        | Received a gift from Trog
  4217 | D        | Reached skill level 25 in Bows
  4482 | D        | Noticed a stone giant
  4490 | D        | Killed a stone giant
  4643 | D        | Received a gift from Trog
  4705 | D        | Noticed a cyan very ugly thing
  4707 | D        | Killed a cyan very ugly thing
  4708 | D        | Noticed a lich
  4717 | D        | Noticed a stone giant
  4720 | D        | Killed a lich
  4720 | D        | Received a gift from Trog
  4720 | D        | Received a gift from Trog
  4720 | D        | Reached skill level 26 in Bows
  4723 | D        | Killed a stone giant
  4780 | D        | Received a gift from Trog
  5070 | D        | Noticed a vault warden
  5094 | D        | Reached XP level 14. HP: 131/140 MP: 14/14
  5109 | D        | Killed a vault warden
  5109 | D        | Reached skill level 27 in Bows
  5182 | D        | Received a gift from Trog
  5208 | D        | Received a gift from Trog
  5240 | D        | Received a gift from Trog
  5241 | D        | Noticed an entropy weaver
  5245 | D        | Killed an entropy weaver
  5256 | D        | Noticed an entropy weaver
  5268 | D        | Killed an entropy weaver
  5268 | D        | Received a gift from Trog
  5456 | D        | Noticed an emperor scorpion
  5464 | D        | Killed an emperor scorpion
  5688 | D        | Noticed Frances
  5697 | D        | Killed Frances
  5777 | D        | Noticed an emperor scorpion
  5777 | D        | Noticed an emperor scorpion
  5790 | D        | Killed an emperor scorpion
  5790 | D        | Received a gift from Trog
  5824 | D        | HP: 7/149 [poisoned by an emperor scorpion]
  5829 | D        | HP: 7/149 [poisoned by an emperor scorpion]
  5885 | D        | Killed an emperor scorpion
  6316 | D        | Noticed an emperor scorpion
  6324 | D        | Killed an emperor scorpion
  6327 | D        | Received a gift from Trog
  6329 | D        | Noticed an emperor scorpion
  6333 | D        | Killed an emperor scorpion
  6335 | D        | Noticed an emperor scorpion
  6348 | D        | Killed an emperor scorpion
  6352 | D        | Got a gossamer rune of Zot
  6366 | D        | Noticed Ilsuiw
  6375 | D        | Received a gift from Trog
  6405 | D        | Killed Ilsuiw
  6409 | D        | Received a gift from Trog
  6410 | D        | Received a gift from Trog
  6412 | D        | Reached XP level 15. HP: 73/162 MP: 15/15
  6415 | D        | Received a gift from Trog
  6558 | D        | Got a barnacled rune of Zot
  6781 | D        | Noticed a nagaraja
  6786 | D        | Noticed a nagaraja
  6794 | D        | Noticed a nagaraja
  6796 | D        | Killed a nagaraja
  6796 | D        | Received a gift from Trog
  6796 | D        | Reached skill level 15 in Armour
  6798 | D        | Noticed a nagaraja
  6808 | D        | HP: 7/163 [poisoned by a nagaraja (poison arrow)]
  6810 | D        | HP: 3/163 [poisoned by a nagaraja (poison arrow)]
  6810 | D        | Killed from afar by a nagaraja

Vault maps used:
D:        linesprint

Skill      XL: |  1  2  3  4  5  6  7  8  9 10 11 12 13 14 15 |
---------------+----------------------------------------------+-----
Polearms       | 6 9 10 11 13 14 15 16 17 | 17.7
Fighting       | 5 7 8 9 11 12 13 15 17 22 23 | 23.2
Armour         | 2 3 4 5 7 8 10 11 14 15 | 15.0
Dodging        | 2 3 4 5 6 |  6.1
Bows           | 5 9 11 17 22 26 27 | 27.0

Action                   |  1- 3 |  4- 6 |  7- 9 | 10-12 | 13-15 || total
-------------------------+-------+-------+-------+-------+-------++-------
Melee: Spear             |    25 |     2 |       |       |       ||    27
       Kick              |     1 |     3 |    18 |    12 |       ||    34
       Halberd           |       |    25 |    78 |    27 |       ||   130
       Glaive            |       |       |       |    28 |       ||    28
 Fire: Shortbow          |       |       |     6 |    67 |       ||    73
       Longbow           |       |       |       |   145 |   360 ||   505
Invok: Berserk           |     1 |     2 |     4 |     5 |       ||    12
       Trog's Hand       |       |       |     1 |       |     2 ||     3
       Brothers in Arms  |       |       |       |     5 |     4 ||     9
  Use: Potion            |       |       |     1 |       |     3 ||     4
       Scroll            |       |       |       |       |     1 ||     1
  Eat: Chunk             |       |       |     6 |    12 |     7 ||    25
       Ration            |       |       |       |     1 |     1 ||     2
Armor: Animal skin       |     8 |       |       |       |       ||     8
       Scale mail        |       |     8 |    16 |    16 |       ||    40
       Plate armour      |       |       |       |    25 |    20 ||    45
       Gold dragon scale |       |       |       |       |    43 ||    43
Dodge: Dodged            |    14 |     8 |    24 |    45 |    47 ||   138

Table legend:
 A = Spawn XP
 B = Non-spawn XP
 C = Spawn XP percentage of total XP
 D = Spawn monster count
 E = Non-spawn monster count
 F = Spawn count percentage of total count
 G = Total turns spent on level
                    A         B        C        D         E        F      G
               +---------+---------+-------+---------+---------+-------+---------
         Total |       0 |  111012 |   0.0 |       0 |     217 |   0.0 |  6810
               +---------+---------+-------+---------+---------+-------+---------
             D |       0 |  111012 |   0.0 |       0 |     217 |   0.0 |  6810
               +---------+---------+-------+---------+---------+-------+---------
